St.Louis Blues vs Boston Bruins
Created - Tuesday, April 15, 2025 at 08:39
Goals
|
| St.Louis Blues |
1 |
0 |
3 |
4 |
| Boston Bruins |
0 |
2 |
0 |
2 |
|
Shots
|
| St.Louis Blues |
9 |
10 |
10 |
29 |
| Boston Bruins |
11 |
13 |
12 |
36 |
|
1st period
1. St.Louis Blues , Elias Pettersson 12 (Brandon Hagel 18, Mark Stone 19) at 12:46 (PP)
Penalties :
Jaccob Slavin (STL) for Tripping (Minor) at 3:00, Vincent Trocheck (BOS) for Cross-checking (Minor) at 12:04, Anders Lee (BOS) for Holding (Minor) at 16:27
2nd period
2. Boston Bruins , Vincent Trocheck 20 (Ryan Strome 18) at 11:27
3. Boston Bruins , John-Jason Peterka 16 (Eetu Luostarinen 12) at 12:43
Penalties :
Ryan Strome (BOS) for Roughing (Minor) at 2:20, John Ludvig (BOS) for Hooking (Minor) at 16:18
3rd period
4. St.Louis Blues , Jack Eichel 22 (Jake Guentzel 31) at 0:04
5. St.Louis Blues , Jake Guentzel 23 (Elias Pettersson 22, Jack Eichel 26) at 0:38
6. St.Louis Blues , Mark Stone 13 (Elias Lindholm 15) at 0:59
Penalties :
Ryan Strome (BOS) for Roughing (Minor) at 1:02, Jack Eichel (STL) for Holding (Minor) at 10:12, Colton Parayko (STL) for Cross-checking (Minor) at 19:44
Goalie Stats
Connor Hellebuyck (STL), 34 saves from 36 shots - (0.944), W, 23-10-6, 60:00 minutes
Petr Mrazek (BOS), 25 saves from 29 shots - (0.862), L, 20-13-1, 60:00 minutes
Players Stats for St.Louis Blues
Player Name G A P +/- PIM S H SB GA TA FO MP PP MP PK MP
------------------------------------------------------------------------------------
Alex Pietrangelo 0 0 0 1 0 0 2 1 0 0 0/0 21:25 0:00 0:10
Alex Tuch 0 0 0 1 0 0 1 0 0 0 0/0 15:37 4:21 2:02
Brandon Hagel 0 1 1 -1 0 0 2 0 0 0 0/1 17:12 4:15 0:00
Brayden Point 0 0 0 -1 0 0 0 0 1 0 1/1 16:56 4:23 0:00
Colton Parayko 0 0 0 1 2 2 2 1 0 0 0/0 23:34 0:00 1:57
Dakota Joshua 0 0 0 -1 0 1 2 0 0 0 0/0 7:46 0:34 0:00
Elias Lindholm 0 1 1 1 0 4 0 0 0 0 11/16 15:10 4:15 2:02
Elias Pettersson 1 1 2 2 0 6 1 1 1 0 1/2 22:52 4:17 0:04
Jaccob Slavin 0 0 0 2 2 0 0 0 0 2 0/0 16:32 0:00 0:59
Jack Eichel 1 1 2 2 2 5 1 0 1 0 12/24 22:37 4:17 0:00
Jake Guentzel 1 1 2 2 0 2 2 0 1 0 0/1 21:43 3:49 0:00
Jake Sanderson 0 0 0 2 0 0 0 1 0 2 0/0 17:56 0:00 2:35
Lars Eller 0 0 0 -1 0 5 1 0 0 0 3/6 9:19 0:00 2:07
Logan O'Connor 0 0 0 -1 0 0 1 0 0 1 0/0 9:32 0:00 2:07
Mark Stone 1 1 2 1 0 4 1 0 1 0 0/0 13:06 4:15 0:00
Mikhail Sergachev 0 0 0 -2 0 0 1 0 0 0 0/0 15:46 4:21 0:54
Nick Leddy 0 0 0 -2 0 0 0 0 0 0 0/0 11:25 0:00 1:51
Robert Thomas 0 0 0 -1 0 0 1 1 0 0 5/14 17:16 4:23 0:04
Players Stats for Boston Bruins
Player Name G A P +/- PIM S H SB GA TA FO MP PP MP PK MP
------------------------------------------------------------------------------------
Alex Newhook 0 0 0 -1 0 5 1 0 0 0 2/2 16:11 2:05 1:07
Anders Lee 0 0 0 0 2 1 2 0 1 0 0/1 12:38 0:05 0:00
Andrew Copp 0 0 0 -1 0 1 3 0 1 0 11/19 19:15 2:03 3:40
Angus Crookshank 0 0 0 1 0 0 0 0 0 0 0/0 8:03 0:00 0:00
Connor Clifton 0 0 0 1 0 1 2 1 0 0 0/0 21:31 1:46 3:59
Eetu Luostarinen 0 1 1 1 0 0 0 0 0 0 3/7 8:26 0:00 0:23
Evander Kane 0 0 0 -1 0 1 1 0 0 0 0/0 15:29 2:03 0:00
Joel Farabee 0 0 0 -1 0 6 0 1 1 0 0/1 19:36 2:03 4:05
John Ludvig 0 0 0 0 2 0 5 0 0 0 0/0 13:06 0:00 0:00
John-Jason Peterka 1 0 1 1 0 7 0 0 0 0 0/1 8:21 0:05 0:00
Matthew Beniers 0 0 0 0 0 2 0 0 0 1 4/8 12:38 0:05 0:00
Morgan Geekie 0 0 0 0 0 2 0 1 0 0 1/3 14:29 0:00 1:58
Ryan Lindgren 0 0 0 -2 0 2 1 2 0 0 0/0 25:28 2:27 4:39
Ryan Strome 0 1 1 -1 4 3 3 1 1 0 2/5 17:35 2:05 2:31
Torey Krug 0 0 0 -2 0 1 3 2 0 1 0/0 25:28 2:27 4:39
Ty Emberson 0 0 0 1 0 0 0 2 0 2 0/0 21:31 1:46 3:59
Vincent Trocheck 1 0 1 -1 2 2 3 0 1 1 9/18 18:31 2:05 3:32
Yegor Zamula 0 0 0 0 0 2 0 0 0 0 0/0 13:01 0:00 0:00
3 Stars
1 - Jake Guentzel (STL)
2 - Elias Pettersson (STL)
3 - Mark Stone (STL)
Power Play
St.Louis Blues - 1 on 5 Attempt(s) - 20.00%
Boston Bruins - 0 on 3 Attempt(s) - 0.00%
Penalty Kill
St.Louis Blues - 3 on 3 Attempt(s) - 100.00%
- Score 0 goal in Penalty Kill
Boston Bruins - 4 on 5 Attempt(s) - 80.00%
- Score 0 goal in Penalty Kill
Team Stat
St.Louis Blues - Hits : 18 - Faceoff Wins : 33 - Blocked Shots : 5 - Penalty Minutes : 6
Boston Bruins - Hits : 24 - Faceoff Wins : 32 - Blocked Shots : 10 - Penalty Minutes : 10
Official
Referees : Graham Skilliter and Furman South
Linesman : Joseph Mahon and Matt MacPherson
Game Notes
No Game Note
Finance
Level 1 -- Attendance: 4763 (79.38%) -- Ticket Income $476,300
Level 2 -- Attendance: 3519 (70.38%) -- Ticket Income $211,140
Level 3 -- Attendance: 2344 (78.13%) -- Ticket Income $82,040
Level 4 -- Attendance: 3437 (68.74%) -- Ticket Income $85,925
Luxury Box -- Attendance: 768 (76.80%) -- Ticket Income $153,600
Game was played at the TD Garden.
Total Attendance: 14831 (74.16%)
Total Ticket Income: $1,009,005
Other Income: $353,152
Total Income: $1,362,157
St.Louis Blues
5 vs 5 Forward
Center Left Wing Right Wing Time % Phy DF OF
1 Jack Eichel Elias Pettersson Jake Guentzel 40 0 2 3
2 Robert Thomas Brandon Hagel Brayden Point 31 0 2 3
3 Elias Lindholm Alex Tuch Mark Stone 22 0 3 2
4 Lars Eller Dakota Joshua Logan O'Connor 7 1 2 2
5 vs 5 Defense
Defense Defense Time % Phy DF OF
1 Colton Parayko Alex Pietrangelo 45 1 2 2
2 Jake Sanderson Jaccob Slavin 35 1 2 2
3 Mikhail Sergachev Nick Leddy 20 1 2 2
4 Colton Parayko Alex Pietrangelo 0 1 2 2
PowerPlay Forward
Center Left Wing Right Wing Time % Phy DF OF
1 Robert Thomas Brayden Point Jake Guentzel 60 1 0 4
2 Elias Lindholm Brandon Hagel Mark Stone 40 1 0 4
PowerPlay Defense
Defense Defense Time % Phy DF OF
1 Jack Eichel Elias Pettersson 60 0 1 4
2 Alex Tuch Mikhail Sergachev 40 0 1 4
Penalty Kill 4 Players Forward
Center Wing Time % Phy DF OF
1 Lars Eller Logan O'Connor 50 1 4 0
2 Elias Lindholm Alex Tuch 50 1 4 0
Penalty Kill 4 Players Defense
Defense Defense Time % Phy DF OF
1 Jake Sanderson Colton Parayko 50 1 4 0
2 Jaccob Slavin Nick Leddy 50 1 4 0
Penalty Kill - 3 Players Forward
Forward Time % Phy DF OF
1 Elias Lindholm 50 0 5 0
2 Lars Eller 50 0 5 0
Penalty Kill - 3 Players Defense
Defense Defense Time % Phy DF OF
1 Jake Sanderson Colton Parayko 50 0 5 0
2 Nick Leddy Alex Pietrangelo 50 0 5 0
4 vs 4 Forward
Center Wing Time % Phy DF OF
1 Jack Eichel Jake Guentzel 50 0 2 3
2 Robert Thomas Brayden Point 50 0 2 3
4 vs 4 Defense
Defense Defense Time % Phy DF OF
1 Jake Sanderson Alex Pietrangelo 50 0 3 2
2 Colton Parayko Mikhail Sergachev 50 0 3 2
Last Minutes Offensive
Center Left Wing Right Wing Defense Defense
Robert Thomas Elias Pettersson Jake Guentzel Brayden Point Jack Eichel
Last Minutes Defensive
Center Left Wing Right Wing Defense Defense
Elias Lindholm Logan O'Connor Robert Thomas Jake Sanderson Colton Parayko
Goaltenders
Starting : Connor Hellebuyck
Backup : Scott Wedgewood
Extra Forwards
Normal : Brandon Hagel, Mark Stone, Alex Tuch - PP : Brandon Hagel, Dakota Joshua - PK : Robert Thomas
Extra Defensemen
Normal : Jake Sanderson, Mikhail Sergachev, Colton Parayko - PP : Mikhail Sergachev - PK : Jaccob Slavin, Nick Leddy
Penalty Shots
Elias Pettersson, Jack Eichel, Alex Tuch, Robert Thomas, Jake Guentzel
Scratches
Jack Roslovic (Healthy), Adam Pelech (Healthy)
Boston Bruins
5 vs 5 Forward
Center Left Wing Right Wing Time % Phy DF OF
1 Vincent Trocheck Alex Newhook Ryan Strome 30 1 2 2
2 Andrew Copp Evander Kane Joel Farabee 30 1 2 2
3 Matthew Beniers Anders Lee Morgan Geekie 25 1 2 2
4 Eetu Luostarinen Angus Crookshank John-Jason Peterka 15 1 2 2
5 vs 5 Defense
Defense Defense Time % Phy DF OF
1 Torey Krug Ryan Lindgren 30 1 2 2
2 Connor Clifton Ty Emberson 30 1 2 2
3 Yegor Zamula John Ludvig 25 1 2 2
4 Torey Krug Ryan Lindgren 15 1 2 2
PowerPlay Forward
Center Left Wing Right Wing Time % Phy DF OF
1 Vincent Trocheck Alex Newhook Ryan Strome 50 1 2 2
2 Andrew Copp Evander Kane Joel Farabee 50 1 2 2
PowerPlay Defense
Defense Defense Time % Phy DF OF
1 Torey Krug Ryan Lindgren 50 1 2 2
2 Connor Clifton Ty Emberson 50 1 2 2
Penalty Kill 4 Players Forward
Center Wing Time % Phy DF OF
1 Vincent Trocheck Andrew Copp 50 1 2 2
2 Ryan Strome Joel Farabee 50 1 2 2
Penalty Kill 4 Players Defense
Defense Defense Time % Phy DF OF
1 Torey Krug Ryan Lindgren 50 1 2 2
2 Connor Clifton Ty Emberson 50 1 2 2
Penalty Kill - 3 Players Forward
Forward Time % Phy DF OF
1 Vincent Trocheck 50 1 2 2
2 Ryan Strome 50 1 2 2
Penalty Kill - 3 Players Defense
Defense Defense Time % Phy DF OF
1 Torey Krug Ryan Lindgren 50 1 2 2
2 Connor Clifton Ty Emberson 50 1 2 2
4 vs 4 Forward
Center Wing Time % Phy DF OF
1 Vincent Trocheck Anders Lee 50 1 2 2
2 Ryan Strome Joel Farabee 50 1 2 2
4 vs 4 Defense
Defense Defense Time % Phy DF OF
1 Torey Krug John Ludvig 50 1 2 2
2 Connor Clifton Ty Emberson 50 1 2 2
Last Minutes Offensive
Center Left Wing Right Wing Defense Defense
Vincent Trocheck Alex Newhook Ryan Strome Torey Krug Ryan Lindgren
Last Minutes Defensive
Center Left Wing Right Wing Defense Defense
Vincent Trocheck Alex Newhook Ryan Strome Torey Krug Ryan Lindgren
Goaltenders
Starting : Petr Mrazek
Backup : Pyotr Kochetkov
Extra Forwards
Normal : Matthew Beniers, Anders Lee, Morgan Geekie - PP : Matthew Beniers, Anders Lee - PK : Morgan Geekie
Extra Defensemen
Normal : Torey Krug, John Ludvig, Connor Clifton - PP : Torey Krug - PK : John Ludvig, Connor Clifton
Penalty Shots
Vincent Trocheck, Matthew Beniers, Ryan Strome, Joel Farabee, Andrew Copp
Scratches
Anthony Beauvillier (Healthy), Drew O'Connor (Healthy), Alex Vlasic (Healthy), Beck Malenstyn (Healthy), Viktor Arvidsson (Healthy)
% Time on Ice - St.Louis Blues
Lines # - Real PCT - Wanted PCT - Time Play
Normal Forward
1 - 39% - 40% - 18:31
2 - 28% - 31% - 13:20
3 - 17% - 22% - 8:06
4 - 15% - 7% - 7:12
Normal Defense
1 - 46% - 45% - 21:38
2 - 34% - 35% - 15:58
3 - 20% - 20% - 9:33
4 - 0% - 0% - 0:00
PP Forward
1 - 51% - 60% - 4:23
2 - 49% - 40% - 4:15
PP Defense
1 - 50% - 60% - 4:17
2 - 50% - 40% - 4:21
PK Forward
1 - 52% - 50% - 2:11
2 - 48% - 50% - 2:02
PK Defense
1 - 52% - 50% - 2:12
2 - 48% - 50% - 2:01
PK3 Forward
1 - 0% - 50%
2 - 0% - 50%
PK3 Defense
1 - 0% - 50%
2 - 0% - 50%
44 Forward
1 - 0% - 50%
2 - 0% - 50%
44 Defense
1 - 0% - 50%
2 - 0% - 50%
Last Minute Offensive - 0:00
Last Minute Defensive - 0:00
Total
Forward - 60:00
Defense - 60:00
|
% Time on Ice - Boston Bruins
Lines # - Real PCT - Wanted PCT - Time Play
Normal Forward
1 - 28% - 30% - 13:08
2 - 29% - 30% - 13:38
3 - 26% - 25% - 12:20
4 - 17% - 15% - 8:03
Normal Defense
1 - 29% - 30% - 13:49
2 - 33% - 30% - 15:46
3 - 28% - 25% - 13:01
4 - 10% - 15% - 4:33
PP Forward
1 - 51% - 50% - 2:10
2 - 49% - 50% - 2:03
PP Defense
1 - 58% - 50% - 2:27
2 - 42% - 50% - 1:46
PK Forward
1 - 44% - 50% - 3:49
2 - 56% - 50% - 4:49
PK Defense
1 - 54% - 50% - 4:39
2 - 46% - 50% - 3:59
PK3 Forward
1 - 0% - 50%
2 - 0% - 50%
PK3 Defense
1 - 0% - 50%
2 - 0% - 50%
44 Forward
1 - 0% - 50%
2 - 0% - 50%
44 Defense
1 - 0% - 50%
2 - 0% - 50%
Last Minute Offensive - 0:00
Last Minute Defensive - 0:00
Total
Forward - 60:00
Defense - 60:00
|
Play-by-Play
1st period
0:01 of 1st period - Jack Eichel wins face-off versus Vincent Trocheck in neutral zone.
0:10 of 1st period - Slapshot by Elias Pettersson.
0:10 of 1st period - Stopped by Petr Mrazek without a rebound.
0:11 of 1st period - Robert Thomas wins face-off versus Andrew Copp in Boston Bruins zone.
1:23 of 1st period - Snap shot by Joel Farabee.
1:23 of 1st period - Stopped by Connor Hellebuyck without a rebound.
1:24 of 1st period - Andrew Copp wins face-off versus Lars Eller in St.Louis Blues zone.
1:37 of 1st period - Lars Eller is hit by Andrew Copp.
2:38 of 1st period - Snap shot by Joel Farabee.
2:38 of 1st period - Stopped by Connor Hellebuyck without a rebound.
2:39 of 1st period - Jack Eichel wins face-off versus Matthew Beniers in St.Louis Blues zone.
3:00 of 1st period - Minor Penalty to Jaccob Slavin for Tripping.
3:01 of 1st period - Vincent Trocheck wins face-off versus Lars Eller in St.Louis Blues zone.
3:28 of 1st period - Evander Kane is hit by Lars Eller and loses puck.
5:00 of 1st period - Penalty to Jaccob Slavin is over, Jaccob Slavin is back on ice.
5:09 of 1st period - Slapshot by Matthew Beniers.
5:09 of 1st period - Shot Blocked by Colton Parayko.
6:34 of 1st period - Wrist shot by Jack Eichel.
6:34 of 1st period - Stopped by Petr Mrazek with a rebound.
7:06 of 1st period - Snap shot by Lars Eller.
7:06 of 1st period - Stopped by Petr Mrazek with a rebound.
7:39 of 1st period - Torey Krug is hit by Elias Pettersson and loses puck.
8:08 of 1st period - Alex Newhook is hit by Dakota Joshua and loses puck.
8:21 of 1st period - Mark Stone is hit by Connor Clifton and loses puck.
8:28 of 1st period - Eetu Luostarinen is hit by Alex Tuch and loses puck.
8:39 of 1st period - Joel Farabee is hit by Brandon Hagel and loses puck.
9:14 of 1st period - Nick Leddy is hit by Vincent Trocheck and loses puck.
9:19 of 1st period - Slapshot by Alex Newhook.
9:19 of 1st period - Stopped by Connor Hellebuyck with a rebound.
9:21 of 1st period - Slapshot by Yegor Zamula.
9:21 of 1st period - Stopped by Connor Hellebuyck with a rebound.
9:39 of 1st period - Wrist shot by Elias Lindholm.
9:39 of 1st period - Stopped by Petr Mrazek without a rebound.
9:40 of 1st period - Matthew Beniers wins face-off versus Jack Eichel in Boston Bruins zone.
10:15 of 1st period - Snap shot by Ryan Strome.
10:15 of 1st period - Stopped by Connor Hellebuyck without a rebound.
10:16 of 1st period - Vincent Trocheck wins face-off versus Jack Eichel in St.Louis Blues zone.
10:21 of 1st period - Wrist shot by Vincent Trocheck.
10:21 of 1st period - Shot Misses the Net.
10:43 of 1st period - Jaccob Slavin is hit by Torey Krug and loses puck.
11:33 of 1st period - Snap shot by Andrew Copp.
11:33 of 1st period - Stopped by Connor Hellebuyck with a rebound.
11:49 of 1st period - Wrist shot by Joel Farabee.
11:49 of 1st period - Stopped by Connor Hellebuyck without a rebound.
11:50 of 1st period - Vincent Trocheck wins face-off versus Elias Lindholm in St.Louis Blues zone.
11:51 of 1st period - Snap shot by Alex Newhook.
11:51 of 1st period - Stopped by Connor Hellebuyck with a rebound.
12:04 of 1st period - Minor Penalty to Vincent Trocheck for Cross-checking.
12:05 of 1st period - Morgan Geekie wins face-off versus Robert Thomas in Boston Bruins zone.
12:14 of 1st period - Off-side.
12:15 of 1st period - Ryan Strome wins face-off versus Robert Thomas in neutral zone.
12:36 of 1st period - Snap shot by Brayden Point.
12:36 of 1st period - Shot Blocked by Torey Krug.
12:38 of 1st period - Wrist shot by Elias Pettersson.
12:38 of 1st period - Stopped by Petr Mrazek without a rebound.
12:39 of 1st period - Elias Lindholm wins face-off versus Morgan Geekie in Boston Bruins zone.
12:44 of 1st period - Wrist shot by Brandon Hagel.
12:44 of 1st period - Shot Blocked by Ty Emberson.
12:46 of 1st period - Slapshot by Elias Pettersson.
12:46 of 1st period - Goal by Elias Pettersson - St.Louis Blues : 1 - Boston Bruins : 0.
12:47 of 1st period - Jack Eichel wins face-off versus Vincent Trocheck in neutral zone.
13:40 of 1st period - Slapshot by John-Jason Peterka.
13:40 of 1st period - Stopped by Connor Hellebuyck without a rebound.
13:41 of 1st period - Eetu Luostarinen wins face-off versus Elias Lindholm in St.Louis Blues zone.
13:46 of 1st period - Snap shot by John-Jason Peterka.
13:46 of 1st period - Stopped by Connor Hellebuyck without a rebound.
13:47 of 1st period - Jack Eichel wins face-off versus Ryan Strome in St.Louis Blues zone.
13:47 of 1st period - Jack Eichel is hit by Ryan Strome.
15:03 of 1st period - Snap shot by Elias Pettersson.
15:03 of 1st period - Shot Hit the Post.
15:21 of 1st period - Snap shot by Elias Pettersson.
15:21 of 1st period - Shot Blocked by Ryan Strome.
15:23 of 1st period - Snap shot by Jack Eichel.
15:23 of 1st period - Deflect By Elias Pettersson.
15:23 of 1st period - Stopped by Petr Mrazek without a rebound.
15:24 of 1st period - Brayden Point wins face-off versus Joel Farabee in Boston Bruins zone.
15:33 of 1st period - Slapshot by Evander Kane.
15:33 of 1st period - Shot Misses the Net.
15:50 of 1st period - Jake Sanderson is hit by Vincent Trocheck and loses puck.
16:17 of 1st period - Snap shot by Logan O'Connor.
16:17 of 1st period - Shot Misses the Net.
16:19 of 1st period - Wrist shot by Lars Eller.
16:19 of 1st period - Stopped by Petr Mrazek with a rebound.
16:21 of 1st period - Slapshot by Mikhail Sergachev.
16:21 of 1st period - Deflect By Lars Eller.
16:21 of 1st period - Deflect By Morgan Geekie.
16:21 of 1st period - Stopped by Petr Mrazek with a rebound.
16:27 of 1st period - Minor Penalty to Anders Lee for Holding.
16:28 of 1st period - Elias Lindholm wins face-off versus Vincent Trocheck in Boston Bruins zone.
17:16 of 1st period - Joel Farabee is hit by Jake Guentzel and loses puck.
17:48 of 1st period - Joel Farabee is hit by Dakota Joshua and loses puck.
18:23 of 1st period - Connor Clifton is hit by Mikhail Sergachev and loses puck.
18:27 of 1st period - Penalty to Anders Lee is over, Anders Lee is back on ice.
18:36 of 1st period - Snap shot by John-Jason Peterka.
18:36 of 1st period - Stopped by Connor Hellebuyck without a rebound.
18:37 of 1st period - Lars Eller wins face-off versus John-Jason Peterka in St.Louis Blues zone.
18:47 of 1st period - Icing by John Ludvig.
18:48 of 1st period - Jack Eichel wins face-off versus Eetu Luostarinen in Boston Bruins zone.
18:57 of 1st period - Jake Guentzel is hit by John Ludvig and loses puck.
19:39 of 1st period - Slapshot by Joel Farabee.
19:39 of 1st period - Shot Blocked by Robert Thomas.
Goals for this period are 1 for St.Louis Blues vs 0 for Boston Bruins.
Shots for this period are 9 for St.Louis Blues vs 11 for Boston Bruins.
2nd period
0:01 of 2nd period - Alex Newhook wins face-off versus Brandon Hagel in neutral zone.
0:06 of 2nd period - Snap shot by Ryan Strome.
0:06 of 2nd period - Stopped by Connor Hellebuyck with a rebound.
0:16 of 2nd period - Alex Pietrangelo is hit by Vincent Trocheck and loses puck.
0:36 of 2nd period - Slapshot by Colton Parayko.
0:36 of 2nd period - Stopped by Petr Mrazek without a rebound.
0:37 of 2nd period - Andrew Copp wins face-off versus Jack Eichel in Boston Bruins zone.
0:45 of 2nd period - Icing by Ty Emberson.
0:46 of 2nd period - Andrew Copp wins face-off versus Jack Eichel in Boston Bruins zone.
0:59 of 2nd period - Jake Guentzel is hit by Andrew Copp.
1:27 of 2nd period - Wrist shot by Jack Eichel.
1:27 of 2nd period - Shot Misses the Net.
1:53 of 2nd period - Jake Sanderson is hit by Andrew Copp and loses puck.
2:08 of 2nd period - Jaccob Slavin is hit by Evander Kane and loses puck.
2:15 of 2nd period - Snap shot by Joel Farabee.
2:15 of 2nd period - Stopped by Connor Hellebuyck without a rebound.
2:16 of 2nd period - Elias Lindholm wins face-off versus Vincent Trocheck in St.Louis Blues zone.
2:20 of 2nd period - Minor Penalty to Ryan Strome for Roughing.
2:21 of 2nd period - Vincent Trocheck wins face-off versus Elias Lindholm in Boston Bruins zone.
2:31 of 2nd period - Wrist shot by Elias Lindholm.
2:31 of 2nd period - Shot Blocked by Ryan Lindgren.
2:35 of 2nd period - Snap shot by Mark Stone.
2:35 of 2nd period - Stopped by Petr Mrazek without a rebound.
2:36 of 2nd period - Elias Lindholm wins face-off versus Morgan Geekie in Boston Bruins zone.
2:51 of 2nd period - Wrist shot by Brandon Hagel.
2:51 of 2nd period - Shot Hit the Post.
4:20 of 2nd period - Penalty to Ryan Strome is over, Ryan Strome is back on ice.
4:50 of 2nd period - Matthew Beniers is hit by Jake Guentzel and loses puck.
5:39 of 2nd period - Colton Parayko is hit by Anders Lee and loses puck.
6:18 of 2nd period - Mikhail Sergachev is hit by Alex Newhook and loses puck.
7:50 of 2nd period - Snap shot by Evander Kane.
7:50 of 2nd period - Shot Blocked by Elias Pettersson.
7:52 of 2nd period - Slapshot by Evander Kane.
7:52 of 2nd period - Stopped by Connor Hellebuyck with a rebound.
8:02 of 2nd period - Connor Clifton is hit by Robert Thomas and loses puck.
8:37 of 2nd period - Snap shot by Angus Crookshank.
8:37 of 2nd period - Shot Misses the Net.
9:05 of 2nd period - Jake Sanderson is hit by John Ludvig and loses puck.
9:26 of 2nd period - Wrist shot by Anders Lee.
9:26 of 2nd period - Stopped by Connor Hellebuyck without a rebound.
9:27 of 2nd period - Robert Thomas wins face-off versus Matthew Beniers in St.Louis Blues zone.
9:27 of 2nd period - Robert Thomas is hit by John Ludvig.
10:05 of 2nd period - Snap shot by Alex Newhook.
10:05 of 2nd period - Stopped by Connor Hellebuyck without a rebound.
10:06 of 2nd period - Elias Lindholm wins face-off versus Andrew Copp in St.Louis Blues zone.
10:06 of 2nd period - Elias Lindholm is hit by Torey Krug.
10:32 of 2nd period - Brandon Hagel is hit by Ryan Lindgren and loses puck.
11:25 of 2nd period - Wrist shot by Morgan Geekie.
11:25 of 2nd period - Stopped by Connor Hellebuyck without a rebound.
11:26 of 2nd period - Ryan Strome wins face-off versus Robert Thomas in St.Louis Blues zone.
11:27 of 2nd period - Snap shot by Vincent Trocheck.
11:27 of 2nd period - Goal by Vincent Trocheck - St.Louis Blues : 1 - Boston Bruins : 1.
11:28 of 2nd period - Vincent Trocheck wins face-off versus Robert Thomas in neutral zone.
12:05 of 2nd period - Snap shot by Jake Guentzel.
12:05 of 2nd period - Stopped by Petr Mrazek with a rebound.
12:43 of 2nd period - Wrist shot by John-Jason Peterka.
12:43 of 2nd period - Goal by John-Jason Peterka - St.Louis Blues : 1 - Boston Bruins : 2.
12:44 of 2nd period - Vincent Trocheck wins face-off versus Jake Guentzel in neutral zone.
13:11 of 2nd period - Colton Parayko is hit by Anders Lee and loses puck.
13:20 of 2nd period - Slapshot by Elias Pettersson.
13:20 of 2nd period - Stopped by Petr Mrazek without a rebound.
13:21 of 2nd period - Andrew Copp wins face-off versus Robert Thomas in Boston Bruins zone.
13:28 of 2nd period - Wrist shot by Evander Kane.
13:28 of 2nd period - Shot Misses the Net.
13:30 of 2nd period - Snap shot by Andrew Copp.
13:30 of 2nd period - Shot Misses the Net.
13:32 of 2nd period - Slapshot by Ryan Lindgren.
13:32 of 2nd period - Shot Misses the Net.
13:34 of 2nd period - Wrist shot by Evander Kane.
13:34 of 2nd period - Shot Misses the Net.
13:36 of 2nd period - Snap shot by Joel Farabee.
13:36 of 2nd period - Shot Misses the Net.
13:51 of 2nd period - Snap shot by Alex Newhook.
13:51 of 2nd period - Stopped by Connor Hellebuyck without a rebound.
13:52 of 2nd period - Alex Newhook wins face-off versus Jack Eichel in St.Louis Blues zone.
14:19 of 2nd period - Connor Clifton is hit by Alex Pietrangelo and loses puck.
14:46 of 2nd period - Snap shot by Elias Lindholm.
14:46 of 2nd period - Stopped by Petr Mrazek with a rebound.
14:48 of 2nd period - Snap shot by Elias Lindholm.
14:48 of 2nd period - Stopped by Petr Mrazek with a rebound.
15:10 of 2nd period - Wrist shot by Eetu Luostarinen.
15:10 of 2nd period - Shot Misses the Net.
15:33 of 2nd period - Snap shot by Jack Eichel.
15:33 of 2nd period - Deflect By Alex Newhook.
15:33 of 2nd period - Shot Misses the Net.
15:33 of 2nd period - Puck is out of play.
15:34 of 2nd period - Robert Thomas wins face-off versus Andrew Copp in Boston Bruins zone.
16:01 of 2nd period - Backhand shot by Elias Pettersson.
16:01 of 2nd period - Stopped by Petr Mrazek without a rebound.
16:02 of 2nd period - Jack Eichel wins face-off versus Anders Lee in Boston Bruins zone.
16:18 of 2nd period - Minor Penalty to John Ludvig for Hooking.
16:19 of 2nd period - Robert Thomas wins face-off versus Vincent Trocheck in Boston Bruins zone.
17:56 of 2nd period - Icing by Robert Thomas.
17:57 of 2nd period - Elias Lindholm wins face-off versus Ryan Strome in St.Louis Blues zone.
18:18 of 2nd period - Penalty to John Ludvig is over, John Ludvig is back on ice.
18:35 of 2nd period - Snap shot by Morgan Geekie.
18:35 of 2nd period - Stopped by Connor Hellebuyck with a rebound.
18:37 of 2nd period - Wrist shot by Matthew Beniers.
18:37 of 2nd period - Deflect By Alex Tuch.
18:37 of 2nd period - Stopped by Connor Hellebuyck without a rebound.
18:38 of 2nd period - Jack Eichel wins face-off versus Eetu Luostarinen in St.Louis Blues zone.
18:47 of 2nd period - Slapshot by Torey Krug.
18:47 of 2nd period - Stopped by Connor Hellebuyck with a rebound.
18:49 of 2nd period - Slapshot by Eetu Luostarinen.
18:49 of 2nd period - Deflect By John-Jason Peterka.
18:49 of 2nd period - Stopped by Connor Hellebuyck with a rebound.
18:51 of 2nd period - Wrist shot by Eetu Luostarinen.
18:51 of 2nd period - Shot Misses the Net.
18:53 of 2nd period - Slapshot by Ryan Lindgren.
18:53 of 2nd period - Shot Blocked by Alex Pietrangelo.
19:03 of 2nd period - Vincent Trocheck is hit by Alex Pietrangelo and loses puck.
19:12 of 2nd period - Wrist shot by Brayden Point.
19:12 of 2nd period - Shot Blocked by Ryan Lindgren.
19:22 of 2nd period - Snap shot by Lars Eller.
19:22 of 2nd period - Stopped by Petr Mrazek with a rebound.
19:24 of 2nd period - Snap shot by Dakota Joshua.
19:24 of 2nd period - Stopped by Petr Mrazek without a rebound.
19:25 of 2nd period - Lars Eller wins face-off versus Andrew Copp in Boston Bruins zone.
19:28 of 2nd period - Snap shot by Lars Eller.
19:28 of 2nd period - Stopped by Petr Mrazek without a rebound.
19:29 of 2nd period - Lars Eller wins face-off versus Andrew Copp in Boston Bruins zone.
19:36 of 2nd period - Wrist shot by Lars Eller.
19:36 of 2nd period - Shot Misses the Net.
19:55 of 2nd period - Logan O'Connor is hit by John Ludvig and loses puck.
Goals for this period are 0 for St.Louis Blues vs 2 for Boston Bruins.
Shots for this period are 10 for St.Louis Blues vs 13 for Boston Bruins.
3rd period
0:01 of 3rd period - Jack Eichel wins face-off versus Vincent Trocheck in neutral zone.
0:04 of 3rd period - Slapshot by Jack Eichel.
0:04 of 3rd period - Goal by Jack Eichel - St.Louis Blues : 2 - Boston Bruins : 2.
0:05 of 3rd period - Robert Thomas wins face-off versus Vincent Trocheck in neutral zone.
0:08 of 3rd period - Slapshot by Colton Parayko.
0:08 of 3rd period - Shot Misses the Net.
0:31 of 3rd period - Torey Krug is hit by Jack Eichel and loses puck.
0:38 of 3rd period - Snap shot by Elias Pettersson.
0:38 of 3rd period - Deflect By Jake Guentzel.
0:38 of 3rd period - Goal by Jake Guentzel - St.Louis Blues : 3 - Boston Bruins : 2.
0:39 of 3rd period - Vincent Trocheck wins face-off versus Jack Eichel in neutral zone.
0:42 of 3rd period - Wrist shot by Alex Newhook.
0:42 of 3rd period - Shot Misses the Net.
0:44 of 3rd period - Wrist shot by Alex Newhook.
0:44 of 3rd period - Stopped by Connor Hellebuyck without a rebound.
0:45 of 3rd period - Jack Eichel wins face-off versus Vincent Trocheck in St.Louis Blues zone.
0:45 of 3rd period - Jack Eichel is hit by Ryan Strome.
0:51 of 3rd period - Snap shot by Jack Eichel.
0:51 of 3rd period - Stopped by Petr Mrazek without a rebound.
0:52 of 3rd period - Elias Lindholm wins face-off versus Vincent Trocheck in Boston Bruins zone.
0:57 of 3rd period - Snap shot by Mark Stone.
0:57 of 3rd period - Shot Misses the Net.
0:59 of 3rd period - Wrist shot by Mark Stone.
0:59 of 3rd period - Goal by Mark Stone - St.Louis Blues : 4 - Boston Bruins : 2.
1:00 of 3rd period - Vincent Trocheck wins face-off versus Jack Eichel in neutral zone.
1:02 of 3rd period - Minor Penalty to Ryan Strome for Roughing.
1:03 of 3rd period - Vincent Trocheck wins face-off versus Robert Thomas in Boston Bruins zone.
3:02 of 3rd period - Penalty to Ryan Strome is over, Ryan Strome is back on ice.
3:19 of 3rd period - Slapshot by Colton Parayko.
3:19 of 3rd period - Deflect By Torey Krug.
3:19 of 3rd period - Stopped by Petr Mrazek with a rebound.
3:29 of 3rd period - Torey Krug is hit by Colton Parayko and loses puck.
3:55 of 3rd period - Wrist shot by Vincent Trocheck.
3:55 of 3rd period - Shot Misses the Net.
3:57 of 3rd period - Slapshot by Yegor Zamula.
3:57 of 3rd period - Stopped by Connor Hellebuyck with a rebound.
3:59 of 3rd period - Slapshot by Connor Clifton.
3:59 of 3rd period - Deflect By Ryan Strome.
3:59 of 3rd period - Stopped by Connor Hellebuyck without a rebound.
4:00 of 3rd period - Andrew Copp wins face-off versus Jack Eichel in St.Louis Blues zone.
4:01 of 3rd period - Snap shot by Joel Farabee.
4:01 of 3rd period - Stopped by Connor Hellebuyck with a rebound.
4:19 of 3rd period - Wrist shot by John-Jason Peterka.
4:19 of 3rd period - Shot Blocked by Jake Sanderson.
4:21 of 3rd period - Snap shot by Ty Emberson.
4:21 of 3rd period - Shot Misses the Net.
4:27 of 3rd period - Snap shot by Eetu Luostarinen.
4:27 of 3rd period - Deflect By Angus Crookshank.
4:27 of 3rd period - Shot Misses the Net.
4:27 of 3rd period - Puck is out of play.
4:28 of 3rd period - Elias Lindholm wins face-off versus Ryan Strome in St.Louis Blues zone.
5:02 of 3rd period - Off-side.
5:03 of 3rd period - Andrew Copp wins face-off versus Jack Eichel in neutral zone.
5:08 of 3rd period - Slapshot by Ryan Lindgren.
5:08 of 3rd period - Stopped by Connor Hellebuyck without a rebound.
5:09 of 3rd period - Andrew Copp wins face-off versus Jack Eichel in St.Louis Blues zone.
6:26 of 3rd period - Snap shot by John-Jason Peterka.
6:26 of 3rd period - Stopped by Connor Hellebuyck with a rebound.
6:28 of 3rd period - Slapshot by Connor Clifton.
6:28 of 3rd period - Deflect By Alex Pietrangelo.
6:28 of 3rd period - Stopped by Connor Hellebuyck without a rebound.
6:29 of 3rd period - Elias Pettersson wins face-off versus Andrew Copp in St.Louis Blues zone.
7:51 of 3rd period - Slapshot by Alex Newhook.
7:51 of 3rd period - Shot Misses the Net.
7:53 of 3rd period - Wrist shot by Ryan Strome.
7:53 of 3rd period - Shot Hit the Post.
7:55 of 3rd period - Snap shot by Vincent Trocheck.
7:55 of 3rd period - Stopped by Connor Hellebuyck with a rebound.
8:13 of 3rd period - Slapshot by Vincent Trocheck.
8:13 of 3rd period - Shot Misses the Net.
8:15 of 3rd period - Slapshot by Ryan Lindgren.
8:15 of 3rd period - Stopped by Connor Hellebuyck without a rebound.
8:16 of 3rd period - Andrew Copp wins face-off versus Robert Thomas in St.Louis Blues zone.
8:25 of 3rd period - Wrist shot by Evander Kane.
8:25 of 3rd period - Deflect By Jake Sanderson.
8:25 of 3rd period - Shot Misses the Net.
8:25 of 3rd period - Puck is out of play.
8:26 of 3rd period - Andrew Copp wins face-off versus Robert Thomas in St.Louis Blues zone.
8:39 of 3rd period - Snap shot by Brandon Hagel.
8:39 of 3rd period - Shot Blocked by Connor Clifton.
8:41 of 3rd period - Snap shot by Robert Thomas.
8:41 of 3rd period - Shot Blocked by Joel Farabee.
8:57 of 3rd period - Slapshot by Brayden Point.
8:57 of 3rd period - Shot Misses the Net.
8:59 of 3rd period - Slapshot by Brandon Hagel.
8:59 of 3rd period - Deflect By Brayden Point.
8:59 of 3rd period - Shot Blocked by Ty Emberson.
8:59 of 3rd period - Puck is out of play.
9:00 of 3rd period - Jack Eichel wins face-off versus Matthew Beniers in Boston Bruins zone.
9:07 of 3rd period - Snap shot by Elias Pettersson.
9:07 of 3rd period - Shot Misses the Net.
9:30 of 3rd period - Wrist shot by Mark Stone.
9:30 of 3rd period - Stopped by Petr Mrazek without a rebound.
9:31 of 3rd period - Andrew Copp wins face-off versus Robert Thomas in Boston Bruins zone.
10:12 of 3rd period - Minor Penalty to Jack Eichel for Holding.
10:13 of 3rd period - Elias Lindholm wins face-off versus Andrew Copp in St.Louis Blues zone.
10:13 of 3rd period - Elias Lindholm is hit by Torey Krug.
10:53 of 3rd period - Wrist shot by Alex Tuch.
10:53 of 3rd period - Shot Blocked by Torey Krug.
11:09 of 3rd period - Evander Kane is hit by Logan O'Connor and loses puck.
12:05 of 3rd period - Elias Lindholm is hit by Ryan Strome and loses puck.
12:12 of 3rd period - Penalty to Jack Eichel is over, Jack Eichel is back on ice.
12:40 of 3rd period - Eetu Luostarinen is hit by Brandon Hagel and loses puck.
14:26 of 3rd period - Elias Lindholm is hit by John Ludvig and loses puck.
15:01 of 3rd period - Slapshot by John-Jason Peterka.
15:01 of 3rd period - Stopped by Connor Hellebuyck with a rebound.
15:24 of 3rd period - Robert Thomas is hit by Connor Clifton and loses puck.
15:38 of 3rd period - Icing by Alex Newhook.
15:39 of 3rd period - Jack Eichel wins face-off versus Andrew Copp in Boston Bruins zone.
16:06 of 3rd period - John Ludvig is hit by Colton Parayko and loses puck.
16:15 of 3rd period - Wrist shot by Elias Lindholm.
16:15 of 3rd period - Stopped by Petr Mrazek without a rebound.
16:16 of 3rd period - Elias Lindholm wins face-off versus Eetu Luostarinen in Boston Bruins zone.
16:17 of 3rd period - Snap shot by Mark Stone.
16:17 of 3rd period - Deflect By Elias Lindholm.
16:17 of 3rd period - Shot Misses the Net.
16:17 of 3rd period - Puck is out of play.
16:18 of 3rd period - Elias Lindholm wins face-off versus Eetu Luostarinen in Boston Bruins zone.
17:11 of 3rd period - Snap shot by Brandon Hagel.
17:11 of 3rd period - Shot Misses the Net.
17:13 of 3rd period - Slapshot by Colton Parayko.
17:13 of 3rd period - Shot Blocked by Morgan Geekie.
17:30 of 3rd period - Slapshot by Lars Eller.
17:30 of 3rd period - Shot Misses the Net.
17:56 of 3rd period - Wrist shot by Joel Farabee.
17:56 of 3rd period - Stopped by Connor Hellebuyck without a rebound.
17:57 of 3rd period - Matthew Beniers wins face-off versus Elias Lindholm in St.Louis Blues zone.
18:21 of 3rd period - Off-side.
18:22 of 3rd period - Eetu Luostarinen wins face-off versus Elias Pettersson in neutral zone.
18:33 of 3rd period - Icing by Elias Pettersson.
18:34 of 3rd period - Matthew Beniers wins face-off versus Jack Eichel in St.Louis Blues zone.
18:37 of 3rd period - Wrist shot by Matthew Beniers.
18:37 of 3rd period - Stopped by Connor Hellebuyck with a rebound.
18:43 of 3rd period - Slapshot by Jake Guentzel.
18:43 of 3rd period - Shot Misses the Net.
18:45 of 3rd period - Wrist shot by Jack Eichel.
18:45 of 3rd period - Stopped by Petr Mrazek with a rebound.
18:47 of 3rd period - Wrist shot by Jack Eichel.
18:47 of 3rd period - Stopped by Petr Mrazek without a rebound.
18:48 of 3rd period - Matthew Beniers wins face-off versus Elias Lindholm in Boston Bruins zone.
18:48 of 3rd period - Matthew Beniers is hit by Mark Stone.
19:04 of 3rd period - Snap shot by Mark Stone.
19:04 of 3rd period - Stopped by Petr Mrazek without a rebound.
19:05 of 3rd period - Eetu Luostarinen wins face-off versus Jack Eichel in Boston Bruins zone.
19:22 of 3rd period - Icing by Colton Parayko.
19:23 of 3rd period - Jack Eichel wins face-off versus Matthew Beniers in St.Louis Blues zone.
19:32 of 3rd period - Backhand shot by Jake Guentzel.
19:32 of 3rd period - Shot Misses the Net.
19:44 of 3rd period - Minor Penalty to Colton Parayko for Cross-checking.
19:45 of 3rd period - Andrew Copp wins face-off versus Lars Eller in St.Louis Blues zone.
19:48 of 3rd period - Wrist shot by Joel Farabee.
19:48 of 3rd period - Shot Misses the Net.
19:54 of 3rd period - Snap shot by Evander Kane.
19:54 of 3rd period - Shot Misses the Net.
Goals for this period are 3 for St.Louis Blues vs 0 for Boston Bruins.
Shots for this period are 10 for St.Louis Blues vs 12 for Boston Bruins.
Back to the Top